 Dungeon Crawl Stone Soup version 0.30.1-4-g462c640d31 (webtiles) character file.

Game seed: 1899450136136365271

7180 Babbit the Cleaver (level 10, -30/91 HPs)
             Began as a Minotaur Fighter on Aug 14, 2023.
             Was an Elder of Okawaru.
             Killed from afar by a tengu conjurer (36 damage)
             ... with a bolt of lightning
             ... on level 9 of the Dungeon.
             The game lasted 00:37:00 (10586 turns).

Babbit the Cleaver (Minotaur Fighter)              Turns: 10586, Time: 00:37:01

Health: -30/91     AC: 19    Str: 24    XL:     10   Next: 86%
Magic:  8/9        EV: 10    Int:  5    God:    Okawaru [****..]
Gold:   609        SH:  7    Dex: 11    Spells: 9/9 levels left

rFire   . . .        E - +3 hand axe
rCold   . . .        c - +0 buckler
rNeg    + . .        G - +0 plate armour
rPois   .            C - +1 hat
rElec   .            (no cloak)
rCorr   .            (no gloves)
SInv    .            f - +0 pair of boots
Will    .....        (no amulet)
Stlth   x              - ring of the Octopus King {Fly HP+2 AC+2 EV+2 SH+2}
HPRegen 0.35/turn    D - ring of positive energy
MPRegen 0.11/turn

%: no passive effects
@: flying
A: horns 2, retaliatory headbutt
a: Renounce Religion, Heroism, Finesse


You were on level 9 of the Dungeon.
You worshipped Okawaru.
Okawaru was greatly pleased with you.
You visited 2 branches of the dungeon, and saw 10 of its levels.

You collected 609 gold pieces.

Inventory:

Hand Weapons
 E - a +3 hand axe (weapon)
Missiles
 w - 4 throwing nets
Armour
 c - a +0 buckler (worn)
 f - a +0 pair of boots (worn)
 B - the +0 hat of Fifoo {rC+}
   (You found it on level 7 of the Dungeon)

   rC:        It protects you from cold.
 C - a +1 hat (worn)
 G - a +0 plate armour (worn)
Jewellery
 x - a ring of the Octopus King (left hand) {Fly HP+2 AC+2 EV+2 SH+2}
   (You found it on level 5 of the Dungeon)

   [ring of flight]

   AC:        It affects your AC (+2).
   EV:        It affects your evasion (+2).
   HP:        It affects your health (+2).
   Fly:       It grants you flight.
   SH:        It affects your SH (+2).
 D - a ring of positive energy (right hand)
Wands
 o - a wand of mindburst (15)
 q - a wand of light (23) (quivered)
 t - a wand of roots (4)
 v - a wand of paralysis (10)
 F - a wand of flame (10)
Scrolls
 a - a scroll of identify
 e - 4 scrolls of teleportation
 g - a scroll of poison
 h - a scroll of fog {unknown}
 i - 4 scrolls of blinking
 j - a scroll of enchant weapon {unknown}
 l - 4 scrolls of fear
 u - 3 scrolls of amnesia
 y - a scroll of immolation {unknown}
 A - a scroll of enchant armour {unknown}
Potions
 d - a potion of might
 k - a potion of haste {unknown}
 m - a potion of lignification
 n - a potion of heal wounds
 p - 2 potions of ambrosia {unknown}
 r - a potion of berserk rage {unknown}
 s - a potion of curing
 z - 3 potions of brilliance {unknown}


   Skills:
 + Level 8.3 Fighting
 + Level 12.5 Axes
 + Level 10.6 Armour
 + Level 5.0 Dodging
 + Level 1.8 Stealth
 + Level 7.5 Shields
 + Level 0.7 Invocations
 + Level 1.9 Evocations


You had 9 spell levels left.
You didn't know any spells.
Your spell library contained the following spells:

 Spells                   Type           Power      Damage    Failure   Level
 Shock                    Conj/Air       0%         1d3       100%        1
 Inner Flame              Hex/Fire       0%         N/A       100%        3
 Swiftness                Air            0%         N/A       100%        3
 Airstrike                Air            0%         2d(0-16)  100%        4
 Flame Wave               Conj/Fire      0%         2d4       100%        4
 Sticky Flame             Conj/Fire      0%         2d3       100%        4


Dungeon Overview and Level Annotations

Branches:
Dungeon (9/15)             Temple (1/1) D:4
   Lair: D:8-11         Orc: D:9-12

Altars:
Ashenzari
Cheibriados
Dithmenos
Elyvilon
Fedhas
Gozag
Hepliaklqana
Kikubaaqudgha
Makhleb
Nemelex Xobeh
Okawaru
Qazlal
Ru
Sif Muna
Trog
Uskayaw
Vehumet
Wu Jian
Xom
Yredelemnul
Zin
The Shining One

Shops:
D:2 :   D:8 :

Annotations:
D:9 1 transporter, Gorgoleon's ghost, journeyman TrGl


Innate Abilities, Weirdness & Mutations

You have a pair of horns on your head.
You reflexively headbutt those who attack you in melee.


Message History

You hit Gorgoleon's ghost but do no damage.
Your headbutt misses Gorgoleon's ghost.
Gorgoleon's ghost is moderately damaged.
You block Gorgoleon's ghost's attack. You block the tengu conjurer's attack.
You closely miss Gorgoleon's ghost.
Gorgoleon's ghost is moderately damaged.
You slash Gorgoleon's ghost!
You headbutt Gorgoleon's ghost, but do no damage.
Gorgoleon's ghost is heavily damaged.
Gorgoleon's ghost closely misses you.
The tengu conjurer hits you but does no damage.
You hit Gorgoleon's ghost.
Gorgoleon's ghost is heavily damaged.
Gorgoleon's ghost hits you!!
The tengu conjurer hits you but does no damage.
You feel much better. Gorgoleon's ghost hits you!
You block the tengu conjurer's attack.
You barely miss Gorgoleon's ghost.
Gorgoleon's ghost is heavily damaged.
You hit Gorgoleon's ghost.
Gorgoleon's ghost is heavily damaged.
Gorgoleon's ghost hits you.
The tengu conjurer hits you from afar with a +0 glaive!
You slash Gorgoleon's ghost! Your headbutt misses Gorgoleon's ghost.
Gorgoleon's ghost is heavily damaged.
You hit Gorgoleon's ghost. You headbutt Gorgoleon's ghost.
Gorgoleon's ghost is severely damaged.
You block Gorgoleon's ghost's attack.
The tengu conjurer completely misses you.
You closely miss Gorgoleon's ghost.
You headbutt Gorgoleon's ghost, but do no damage.
Gorgoleon's ghost is severely damaged.
You feel like a meek peon again. Gorgoleon's ghost hits you.
The tengu conjurer points at you and mumbles some strange words.
The bolt of lightning hits Gorgoleon's ghost!
Gorgoleon's ghost resists.
The bolt of lightning hits you!!
* * * LOW HITPOINT WARNING * * *
The bolt of lightning hits you!!!
You die...

#.#.# #.....©....#
#####.#.# #...#####..##
#.....†.# ##..##.©.##..##
#.......###..##.###.##..##
#.......##..##.......##..##
#.......#..##8......~8##..#
#.....>...##*.#..##?#.~##..
#........##WQ..#..##.~..##.
#........#@#..##...##.~#J#.
#####.#..#©#..#!...(#..#O#.
#.#..#.#~.##...##$.#W#.
#.#..##..~.##.##J.T.##.
#.#...##~.#.###.#Q.##..
#.#.#..##8.~.~...8##...
#####
#.#.##..##....~g~##..#.
#...#
#.#.###..##.###T##..##.
###.#.####.#.#
##..##...##......


You could see a tengu conjurer, a battlesphere and Gorgoleon's ghost.

Vanquished Creatures
  A two-headed ogre (D:9)
  Amaemon (D:9)
  Pikel (D:8)
  An orange demon (D:9)
  2 hornets (D:8)
  A spriggan (D:7)
  A shadow (D:9)
  A yak (D:9)
  2 wyverns (D:9)
  2 steam dragons (D:7)
  A water moccasin (D:6)
  An acid dragon (D:8)
  2 orc warriors
  2 ice beasts
  A sky beast (D:8)
  A lemure (D:8)
  2 centaurs (D:9)
  A phantom (D:6)
  5 kobold brigands
  4 bullfrogs
  A gnoll sergeant (D:9)
  2 scorpions (D:5)
  13 wights
  2 jellies
  11 killer bees
  3 howler monkeys
  3 orc priests
  A gnoll bouda (D:6)
  6 hounds
  A sleepcap (D:6)
  Natasha (thrice) (D:3)
  3 iguanas
  An orc wizard (D:6)
  6 adders
  21 gnolls
  A shadow imp (D:8)
  A white imp (D:6)
  3 ufetubi
  4 dart slugs
  7 orcs
  7 endoplasms
  2 giant cockroaches
  4 hobgoblins
  7 jackals
  48 kobolds
  2 quokkas
  5 ball pythons
  3 bats
  A frilled lizard (D:1)
  6 goblins
  4 rats
215 creatures vanquished.

Notes
Turn   | Place    | Note
-------+----------+-------------------------------------------
     0 | D:1      | Babbit the Minotaur Fighter began the quest for the Orb.
     0 | D:1      | Reached XP level 1. HP: 19/19 MP: 0/0
   250 | D:1      | Reached XP level 2. HP: 27/27 MP: 1/1
  1265 | D:2      | Reached skill level 3 in Axes
  1281 | D:2      | Found Lodd's Book Shoppe.
  1472 | D:3      | Reached XP level 3. HP: 33/33 MP: 2/2
  1488 | D:3      | Noticed Natasha
  1495 | D:3      | Killed Natasha
  1695 | D:3      | Noticed Natasha
  1697 | D:3      | Found a blossoming altar of Fedhas.
  1703 | D:3      | Killed Natasha
  1704 | D:3      | Reached XP level 4. HP: 38/40 MP: 3/3
  1707 | D:3      | Reached skill level 4 in Axes
  1937 | D:3      | Noticed Natasha
  1946 | D:3      | Killed Natasha
  1952 | D:3      | Reached XP level 5. HP: 9/46 MP: 4/4
  2381 | D:4      | Found a radiant altar of Vehumet.
  2571 | D:4      | Reached skill level 5 in Axes
  2571 | D:4      | Reached skill level 5 in Armour
  2571 | D:4      | Reached skill level 1 in Dodging
  2608 | D:4      | Reached XP level 6. HP: 12/53 MP: 5/5
  2792 | D:4      | Reached skill level 6 in Axes
  3204 | D:4      | Reached XP level 7. HP: 60/60 MP: 6/6
  3598 | D:4      | Found a staircase to the Ecumenical Temple.
  3612 | Temple   | Entered the Ecumenical Temple
  3626 | Temple   | Became a worshipper of Warmaster Okawaru
  3679 | D:4      | Found a broken altar of Ashenzari.
  3889 | D:4      | Reached skill level 7 in Axes
  4726 | D:5      | Entered Level 5 of the Dungeon
  4789 | D:5      | Reached skill level 5 in Fighting
  4996 | D:5      | Reached * piety under Okawaru
  5080 | D:5      | Found the ring of the Octopus King
  5087 | D:5      | Identified a ring of the Octopus King {Fly HP+2 AC+2 EV+2
                  | SH+2}
  5298 | D:6      | Reached XP level 8. HP: 68/68 MP: 7/7
  5304 | D:6      | Reached skill level 8 in Axes
  5304 | D:6      | Reached skill level 5 in Shields
  5444 | D:6      | Reached skill level 1 in Stealth
  5814 | D:6      | Found an ancient bone altar of Kikubaaqudgha.
  5814 | D:6      | Found a stormy altar of Qazlal.
  5814 | D:6      | Found a white marble altar of Elyvilon.
  5814 | D:6      | Found a glowing golden altar of the Shining One.
  5868 | D:6      | Found a bloodstained altar of Trog.
  5870 | D:6      | Found a hazy altar of Hepliaklqana.
  6232 | D:6      | Reached ** piety under Okawaru
  6276 | D:6      | Reached skill level 9 in Axes
  6563 | D:7      | Reached XP level 9. HP: 26/78 MP: 8/8
  6935 | D:7      | Found an opulent altar of Gozag.
  7025 | D:7      | Reached *** piety under Okawaru
  7413 | D:7      | Reached skill level 10 in Axes
  7417 | D:7      | Identified the +0 hat of Fifoo {rC+}
  7616 | D:8      | Found Butusask's Book Shoppe.
  7637 | D:8      | Reached skill level 1 in Evocations
  7960 | D:8      | Noticed Pikel
  7981 | D:8      | Killed Pikel
  7982 | D:8      | Reached skill level 10 in Armour
  7982 | D:8      | Reached XP level 10. HP: 86/86 MP: 6/9
  8038 | D:8      | Found a basalt altar of Yredelemnul.
  8400 | D:8      | Reached skill level 11 in Axes
  8852 | D:9      | Reached **** piety under Okawaru
  9130 | D:9      | Noticed Amaemon
  9130 | D:9      | Noticed an orange demon
  9146 | D:9      | Killed an orange demon
  9159 | D:9      | Killed Amaemon
  9428 | D:9      | Reached skill level 12 in Axes
  9656 | D:9      | Found an ornate altar of the Wu Jian Council.
  9665 | D:9      | Found a transporter.
  9668 | D:9      | Noticed a two-headed ogre
  9669 | D:9      | Noticed a two-headed ogre
  9671 | D:9      | Noticed Gorgoleon's ghost (journeyman TrGl)
  9815 | D:9      | Found a transporter.
  9881 | D:9      | Reached ***** piety under Okawaru
 10558 | D:9      | Killed a two-headed ogre
 10559 | D:9      | Reached skill level 5 in Dodging
 10586 | D:9      | Killed from afar by a tengu conjurer

Illustrated notes

Levels and vault maps discovered:
D:1:      reono_arrival_mine, layout_basic
D:2:      layout_basic, serial_shops, nicolae_shop_peninsula,
          wad_floor_pattern_untrapped, st_stairs_9, minmay_misc_feat_chi
D:3:      layout_basic, fedhas_altar_1, uniq_natasha
D:4:      minmay_goblin_kobold_castle, layout_basic,
          mainiacjoe_overflow_alcove_2, nicolae_ashenzari_panopticon,
          minmay_temple_entry_sparse_star, minmay_misc_feat_secret_circle,
          minivault_14
D:5:      layout_rooms, roderic_roman_lattice
D:6:      layout_loops_corners, minmay_overflow_temple_hex
D:7:      minmay_inner_zag, layout_cave_pools,
          mainiacjoe_overflow_surrounded_room, the_hattery
D:8:      layout_basic, mainiacjoe_overflow_tiny_flanked, serial_shops, shop,
          uniq_pikel
D:9:      layout_basic, mainiacjoe_overflow_alcove_4, nzn_ghost_randoct,
          minmay_misc_feat_more_columns, uniq_amaemon
Temple:   hellmonk_temple_rainy

Skill      XL: |  1  2  3  4  5  6  7  8  9 10 |
---------------+-------------------------------+-----
Armour         | 4 5 6 8 10 | 10.6
Axes           | 3 4 5 6 7 9 10 12 | 12.5
Shields        | 4 5 6 7 |  7.5
Fighting       | 4 5 6 7 8 |  8.3
Dodging        | 1 2 3 5 |  5.0
Stealth        | 1 |  1.8
Evocations     | 1 |  1.9
Invocations    | |  0.7

Action                     |  1- 3 |  4- 6 |  7- 9 | 10-12 || total
---------------------------+-------+-------+-------+-------++-------
  Melee: War axe           |    49 |   116 |   272 |    23 ||   460
         Headbutt          |     5 |    14 |    50 |    36 ||   105
         Hand axe          |       |       |       |   158 ||   158
 Invoke: Heroism           |       |       |     1 |     4 ||     5
  Evoke: Wand              |       |       |    13 |     3 ||    16
    Use: Scroll            |     4 |     1 |     4 |     3 ||    12
         Potion            |       |     1 |     2 |     3 ||     6
 Armour: Scale mail        |    24 |    50 |   121 |    22 ||   217
         Plate armour      |       |       |       |    13 ||    13
  Dodge: Dodged            |    23 |    66 |   153 |    78 ||   320
  Block: Buckler           |    10 |    28 |    85 |    54 ||   177
